 Dungeon Crawl Stone Soup version 0.27.1-1-g398f81649c (webtiles) character file.

Game seed: 16845341970395019919

3486 Kinoniko the Basher (level 9, 0/77 HPs)
             Began as a Demonspawn Berserker on Sept 7, 2021.
             Was an Elder of Trog.
             Slain by Grum (26 damage)
             ... on level 8 of the Dungeon.
             The game lasted 00:08:17 (7588 turns).

Kinoniko the Basher (Demonspawn Berserker)          Turns: 7588, Time: 00:08:18

Health: 0/77       AC: 11    Str: 20    XL:     9   Next: 79%
Magic:  9/9        EV: 13    Int: 10    God:    Trog [****..]
Gold:   290        SH:  0    Dex: 12    Spells: 8/8 levels left

rFire    + . .     SeeInvis .   l - +0 flail (freeze)
rCold    + . .     Faith    +   (no shield)
rNeg     . . .     Spirit   .   j - +0 ring mail
rPois    .         Reflect  .   k - +0 helmet
rElec    .         Harm     .   s - scarf {rC+ rF+}
rCorr    .         Rampage  .   r - +0 pair of gloves
Will     +....                  (no boots)
Stlth    +.........             z - amulet of faith
HPRegen  0.22/turn              C - +4 ring of protection
MPRegen  0.11/turn              (no ring)

@: studying Fighting
A: talons 2, repulsion field 1, powered by death 2, demonic willpower
a: Renounce Religion, Berserk, Trog's Hand, Brothers in Arms


You were on level 8 of the Dungeon.
You worshipped Trog.
Trog was greatly pleased with you.
You visited 1 branch of the dungeon, and saw 8 of its levels.
You also visited: Sewer and Ossuary.

You collected 290 gold pieces.

Inventory:

Hand Weapons
 a - a +0 mace
 l - a +0 flail of freezing (weapon)
Armour
 b - a +0 animal skin
 j - a +0 ring mail (worn)
 k - a +0 helmet (worn)
 r - a +0 pair of gloves (worn)
 s - a scarf of resistance (worn)
Jewellery
 z - an amulet of faith (around neck)
 C - a +4 ring of protection (left hand)
Wands
 m - a wand of paralysis (14)
Scrolls
 d - 2 scrolls of brand weapon
 t - a scroll of amnesia
 v - a scroll of teleportation
 w - a scroll of vulnerability
 y - a scroll of enchant weapon
 A - a scroll of enchant armour
 D - a scroll of magic mapping
Potions
 c - a potion of mutation {unknown}
 e - 2 potions of invisibility {unknown}
 g - 3 potions of flight
 h - 5 potions of magic
 i - 3 potions of berserk rage
 n - 2 potions of attraction {unknown}
 p - 5 potions of curing {unknown}
 q - a potion of ambrosia {unknown}
 u - 5 potions of heal wounds
 B - a potion of might


   Skills:
 + Level 9.4 Fighting
 * Level 11.6 Maces & Flails
 - Level 1.7 Armour
 - Level 1.7 Dodging


You had 8 spell levels left.
You didn't know any spells.
Your spell library was empty.

Dungeon Overview and Level Annotations

Branches:
Dungeon (8/15)             Temple (0/1) D:6           Sewer (visited)
Ossuary (visited)
   Lair: D:8-11

Altars:
Ashenzari
Dithmenos
Fedhas
Gozag
Makhleb
Nemelex Xobeh
Okawaru
Sif Muna
Uskayaw
Wu Jian
Yredelemnul
Zin
The Shining One

Annotations:
D:7 3 runed translucent doors, moritonal's ghost, novice DECj
D:8 Grum


Innate Abilities, Weirdness & Mutations

You have razor-sharp toenails.
You are surrounded by a mild repulsion field. (EV +2)
You regenerate health from kills.
You punish those that try to bend your will. (Will+)


Message History

You barely miss the wolf. You claw the wolf.
The wolf is lightly wounded.
The wolf bites you!
You miss the wolf.
The wolf is lightly wounded.
The wolf misses you. The wolf bites you but does no damage.
You barely miss the wolf. You claw the wolf.
The wolf is moderately wounded.
You hit Grum but do no damage. You sock Grum! You freeze Grum. You claw Grum!
Grum is heavily wounded.
Grum hits you with a +0 whip.
You hit Grum but do no damage.
Grum is heavily wounded.
Grum drinks a potion.
Grum goes berserk!
You sock Grum! You freeze Grum. Your kick misses Grum.
Grum is heavily wounded.
Grum hits you with a +0 whip!!
You sock Grum! You freeze Grum. You claw Grum, but do no damage.
Grum is severely wounded.
Grum barely misses you.
You sock Grum! You freeze Grum. Your kick misses Grum.
Grum is almost dead.
Grum hits you with a +0 whip!!
* * * LOW HITPOINT WARNING * * *
You are too injured to fight recklessly!
You are too injured to fight recklessly!
You are too injured to fight recklessly!
You are too injured to fight recklessly!
You are too injured to fight recklessly!
You are too injured to fight recklessly!
You are too injured to fight recklessly!
You are too injured to fight recklessly!
You are too injured to fight recklessly!
You are too injured to fight recklessly!
You are too injured to fight recklessly!
You are too injured to fight recklessly!
Unknown command.
You feel much better. Grum hits you with a +0 whip!!
You die...

#..........#.#
...........#
...........###.#
#########......#
#..###.# ##.#
#.# #.## #@.#
##g# # h# .. h.
## ... ....
....# ....#


You could see Grum (berserk) and 2 wolves.

Vanquished Creatures
  A hornet (D:8)
  Sigmund (D:2)
  A hornet zombie (D:7)
  2 sky beasts
  An ice beast (D:7)
  2 black bears
  An ogre (D:5)
  The ghost of paps the Slasher, an amateur DsGl (D:4)
  2 centaurs
  2 wolves (D:8)
  A kobold brigand (Sewer)
  Blork the orc (D:4)
  An elf zombie (Ossuary)
  A wyvern skeleton (D:5)
  2 water moccasin skeletons (D:6)
  6 killer bees (D:7)
  A howler monkey (D:5)
  3 centaur zombies
  8 hounds
  2 bullfrog zombies
  A jelly (D:6)
  2 orc priests
  A bullfrog skeleton (D:5)
  2 centaur skeletons
  Ijyb (D:3)
  2 human zombies (Ossuary)
  An iguana (D:5)
  4 orc wizards
  A killer bee zombie (D:6)
  A hound zombie (D:5)
  2 mummies (Ossuary)
  12 gnolls
  6 adders
  A river rat (Sewer)
  A shadow imp (D:6)
  2 white imps (D:6)
  2 adder zombies
  A worm (D:5)
  A dart slug (D:1)
  12 orcs
  3 bats
  4 endoplasms
  2 giant cockroaches
  3 hobgoblins (D:1)
  5 jackals
  9 kobolds
  2 ball pythons
  7 goblins
  A goblin zombie (Ossuary)
  8 hobgoblin zombies (Ossuary)
  2 jackal zombies (Ossuary)
  9 kobold zombies (Ossuary)
  9 orc zombies (Ossuary)
  7 rats
  2 rat zombies (Ossuary)
169 creatures vanquished.

Vanquished Creatures (collateral kills)
  A gnoll shaman (D:8)
1 creature vanquished.

Vanquished Creatures (others)
  2 fungi (D:5)
2 creatures vanquished.

Grand Total: 172 creatures vanquished

Notes
Turn   | Place    | Note
-------+----------+-------------------------------------------
     0 | D:1      | Kinoniko the Demonspawn Berserker began the quest for the
                  | Orb.
     0 | D:1      | Reached XP level 1. HP: 18/18 MP: 1/1
    56 | D:1      | Reached skill level 3 in Maces & Flails
   263 | D:1      | Gained mutation: You have sharp toenails. [demonic
                  | ancestry]
   263 | D:1      | Reached XP level 2. HP: 21/24 MP: 2/2
   617 | D:1      | Found a faded altar of an unknown god.
   897 | D:1      | Gained mutation: You regenerate a little health from kills.
                  | [demonic ancestry]
   897 | D:1      | Reached XP level 3. HP: 29/29 MP: 3/3
  1244 | D:2      | Noticed Sigmund
  1258 | D:2      | Killed Sigmund
  1259 | D:2      | Reached skill level 5 in Maces & Flails
  1259 | D:2      | Gained mutation: You have razor-sharp toenails. [demonic
                  | ancestry]
  1259 | D:2      | Reached XP level 4. HP: 21/35 MP: 4/4
  1259 | D:2      | Reached XP level 5. HP: 25/41 MP: 5/5
  1462 | D:2      | Reached ** piety under Trog
  2297 | D:3      | Noticed Ijyb
  2304 | D:3      | Killed Ijyb
  2305 | D:3      | Reached skill level 6 in Maces & Flails
  2386 | D:3      | Reached XP level 6. HP: 47/47 MP: 6/6
  3131 | D:3      | Found a burning altar of Makhleb.
  3305 | D:4      | Identified a scroll of acquirement
  3306 | D:4      | Acquired a manual of Fighting
  3321 | D:4      | Reached skill level 7 in Maces & Flails
  3345 | D:4      | Found a sand-covered staircase.
  3350 | Ossuary  | Entered an ossuary
  3480 | Ossuary  | Gained mutation: You are surrounded by a mild repulsion
                  | field. (EV +2) [demonic ancestry]
  3480 | Ossuary  | Reached XP level 7. HP: 52/52 MP: 7/7
  3484 | Ossuary  | Reached *** piety under Trog
  3520 | Ossuary  | Reached skill level 8 in Maces & Flails
  3613 | D:4      | Found a glowing drain.
  3624 | Sewer    | Entered a sewer
  3845 | D:4      | Noticed Blork the orc
  3851 | D:4      | Killed Blork the orc
  4272 | D:4      | Found a shadowy altar of Dithmenos.
  4275 | D:4      | Found a sparkling altar of Nemelex Xobeh.
  4280 | D:4      | Found an opulent altar of Gozag.
  4281 | D:4      | Found a blossoming altar of Fedhas.
  4282 | D:4      | Found a broken altar of Ashenzari.
  4284 | D:4      | Found an iron altar of Okawaru.
  4336 | D:4      | Found a runed translucent gate.
  4336 | D:4      | Found a runed translucent gate.
  4336 | D:4      | Found a runed translucent gate.
  4336 | D:4      | Noticed paps's ghost (amateur DsGl)
  4338 | D:4      | Found a basalt altar of Yredelemnul.
  4344 | D:4      | Reached **** piety under Trog
  4573 | D:4      | Killed paps's ghost
  4574 | D:4      | Gained mutation: You punish those that try to bend your
                  | will. (Will+) [demonic ancestry]
  4574 | D:4      | Reached XP level 8. HP: 58/58 MP: 8/8
  4622 | D:5      | Entered Level 5 of the Dungeon
  4654 | D:5      | Found a shimmering blue altar of Sif Muna.
  4682 | D:5      | Reached skill level 9 in Maces & Flails
  5009 | D:5      | Reached skill level 5 in Fighting
  5570 | D:6      | Reached skill level 10 in Maces & Flails
  5625 | D:6      | Found a staircase to the Ecumenical Temple.
  5662 | D:6      | Found an ornate altar of the Wu Jian Council.
  5872 | D:6      | Identified the +1 robe of Circular Logic {rN+}
  6168 | D:7      | Found a hide-covered altar of Uskayaw.
  6169 | D:7      | Found a runed translucent gate.
  6170 | D:7      | Found a runed translucent gate.
  6298 | D:7      | Gained mutation: You regenerate health from kills. [demonic
                  | ancestry]
  6298 | D:7      | Reached XP level 9. HP: 68/72 MP: 9/9
  6647 | D:7      | Found a runed translucent gate.
  6679 | D:7      | Noticed moritonal's ghost (novice DECj)
  6719 | D:8      | Paralysed by a hornet for 3 turns
  6726 | D:8      | Reached skill level 11 in Maces & Flails
  7571 | D:8      | Noticed Grum
  7588 | D:8      | Slain by Grum

Illustrated notes

Levels and vault maps discovered:
D:1:      dpeg_arrival_rooms_a, layout_basic, ebering_ecumenical_altar_hall,
          st_stairs_14, minmay_misc_feat_diagonals, minmay_distorted
D:2:      layout_basic, uniq_sigmund
D:3:      cheibrodos_pilgrimage, layout_loops_cross, lightli_temple_of_fire,
          uniq_ijyb
D:4:      layout_basic, nicolae_yredelemnul_ghost_church, minitemple,
          nicolae_ossuary_entry_plus, portal_sewer_entry_d, uniq_blork_the_orc
D:5:      layout_loops_cross, mainiacjoe_overflow_cross_hatched
D:6:      layout_basic, zin_statuary, mainiacjoe_overflow_tiny_flanked,
          minmay_temple_entry_ruins, minmay_circle_x
D:7:      layout_rooms, mainiacjoe_overflow_boulevard,
          ebering_ghost_rock_garden, minmay_misc_feat_nine_boxes
D:8:      layout_basic, uniq_grum

Skill      XL: |  1  2  3  4  5  6  7  8  9 |
---------------+----------------------------+-----
Maces & Flails | 3 5 6 7 8 10 11 | 11.6
Fighting       | 7 9 |  9.4
Armour         | |  1.7
Dodging        | |  1.7

Action                   |  1- 3 |  4- 6 |  7- 9 || total
-------------------------+-------+-------+-------++-------
Melee: Mace              |    55 |    23 |       ||    78
       Kick              |     5 |    39 |   111 ||   155
       Flail             |       |   109 |   368 ||   477
Invok: Berserk           |     1 |     6 |     8 ||    15
       Trog's Hand       |       |       |     1 ||     1
  Use: Scroll            |       |     5 |    15 ||    20
       Potion            |       |       |     1 ||     1
 Stab: Sleeping          |     1 |       |       ||     1
Armor: Animal skin       |     6 |       |       ||     6
       Ring mail         |       |    77 |   174 ||   251
Dodge: Dodged            |    27 |    90 |   225 ||   342
